AoeStats
← tomhatherz

Arabia

510374143Analyzed
2v2 RM · 17h ago on Sep 30, 2026· 52m 59s· 4 players
Game mode
Random Map
Map size
Medium (4 player)
Population
200
Speed
Normal
Resources
Standard
Victory
Conquest
Starting age
Dark Age
Ending age
Imperial Age
RankedLock teamsTeams togetherTeam positionsShared explorationLock speedFull tech treeHidden civsTurbo modeCheats
Victory
Defeat
🇬🇧 Khmer · United Kingdom
1077
+17
🇬🇧 Britons · United Kingdom
1059
+17
🇦🇷 Japanese · Argentina
1104
-18
🇧🇩 Britons · Bangladesh
1074
-16
tomhatherz
3:48 Loom
10:44 Feudal Age
15:08 Fletching
17:41 Double-Bit Axe
26:37 Castle Age
29:16 Crossbowman
30:07 Bodkin Arrow
52:46 Town Watch
Shambles
7:20 Loom
9:55 Feudal Age
11:55 Double-Bit Axe
17:38 Fletching
23:12 Castle Age
23:55 Bloodlines
23:51 Scale Barding Armor
33:41 Forging
34:28 Chain Barding Armor
39:52 Gold Mining
45:34 Imperial Age
46:07 Iron Casting
45:46 Husbandry
45:37 Cavalier
46:54 Plate Barding Armor
48:02 Conscription
50:38 Blast Furnace
52:35 Chemistry
FateStroke
10:26 Feudal Age
14:26 Padded Archer Armor
15:22 Fletching
19:51 Castle Age
18:30 Loom
20:00 Crossbowman
20:51 Husbandry
22:09 Leather Archer Armor
23:37 Scale Barding Armor
27:00 Wheelbarrow
29:13 Pikeman
32:10 Chain Barding Armor
33:19 Squires
38:50 Hand Cart
48:02 Imperial Age
45:53 Scale Mail Armor
46:03 Forging
48:23 Arbalester
48:27 Halberdier
51:18 Chemistry
Lord Wrath
6:35 Loom
8:56 Feudal Age
9:22 Double-Bit Axe
10:21 Man-at-Arms
16:06 Arson
23:31 Castle Age
22:11 Horse Collar
25:50 Pikeman
27:19 Scale Mail Armor
30:20 Forging
37:11 Squires
Connection lost

Rejoining the realm…

Still unreachable

The connection could not be restored.

Session expired

The server has moved on; the page needs a fresh start.